 Dungeon Crawl Stone Soup version 0.19-a0-1254-gb9c29c0 (webtiles) character file.

807 Raptor the Zephyrmancer (level 7, -3/36 HPs)
             Began as a Tengu Air Elementalist on Aug 27, 2016.
             Shot with an arrow by a centaur (9 damage)
             ... on level 6 of the Dungeon.
             The game lasted 00:50:00 (6978 turns).

Raptor the Zephyrmancer (Tengu Air Elementalist)    Turns: 6978, Time: 00:50:01

Health: -3/36      AC:  4    Str:  8    XL:     7   Next: 92%
Magic:  7/12       EV: 13    Int: 17    God:
Gold:   325        SH:  0    Dex: 15    Spells: 3 memorised, 5 levels left

rFire  . . .     SeeInvis .     q - +1 glaive
rCold  . . .     Gourm    .     a - +0 robe
rNeg   . . .     Faith    .     (shield currently unavailable)
rPois  +         Spirit   .     (helmet restricted)
rElec  .         Dismiss  .     p - +1 cloak {rPois}
rCorr  .         Reflect  .     (no gloves)
MR     .....     Harm     .     (boots unavailable)
Stlth  ++........               (no amulet)
                                (no ring)
                                (no ring)

@: swift, quick
A: beak, talons 3, able to fly 1
a: Fly


You were on level 6 of the Dungeon.
You were not hungry.

You visited 2 branches of the dungeon, and saw 7 of its levels.

You collected 325 gold pieces.

Inventory:

Hand Weapons
 q - a +1 glaive (weapon)
Missiles
 e - 6 exploding tomahawks (quivered)
Armour
 a - a +0 robe (worn)
 p - a +1 cloak of poison resistance (worn)
Wands
 r - a wand of flame (15/48)
Scrolls
 m - 2 scrolls of teleportation
 n - a scroll of amnesia
 t - 2 scrolls of remove curse
 w - a scroll of enchant armour
Potions
 d - a potion of curing
 h - a potion of invisibility {unknown}
 j - a potion of cure mutation {unknown}
 k - a potion of brilliance {unknown}
 l - 3 potions of agility
 o - 3 potions of flight
 s - 2 potions of haste
Books
 b - a book of Air

   Spells                             Type                      Level
   a - Shock                          Conjuration/Air              1
   b - Swiftness                      Charms/Air                   2
   c - Repel Missiles                 Charms/Air                   2
   d - Static Discharge               Conjuration/Air              3
   e - Lightning Bolt                 Conjuration/Air              5
 i - the Grimoire of the Entourage
   (You found it on level 5 of the Dungeon)

   Spells                             Type                      Level
   a - Summon Small Mammal            Summoning                    1
   b - Call Canine Familiar           Summoning                    3
   c - Summon Lightning Spire         Summoning/Air                4
   d - Aura of Abjuration             Summoning                    5
   e - Summon Demon                   Summoning                    5
Comestibles
 c - 6 bread rations
 f - 2 meat rations
 g - 2 royal jellies
 u - 5 fruits
 v - a chunk of flesh


   Skills:
 - Level 2.1 Dodging
 - Level 2.0 Stealth
 * Level 2.7 Spellcasting
 - Level 8.1 Conjurations
 + Level 8.3 Air Magic


You had 5 spell levels left.
You knew the following spells:

 Your Spells              Type           Power        Failure   Level  Hunger
a - Shock                 Conj/Air       ####         1%          1    #......
b - Swiftness             Chrm/Air       ###.....     6%          2    ##.....
c - Static Discharge      Conj/Air       ####....     1%          3    ###....


Dungeon Overview and Level Annotations

Branches:
Dungeon (6/15)             Temple (1/1) D:4

Altars:
Cheibriados
Dithmenos
Elyvilon
Fedhas
Gozag
Hepliaklqana
Kikubaaqudgha
Makhleb
Nemelex Xobeh
Qazlal
Ru
Sif Muna
Trog
Uskayaw
Xom
Yredelemnul
Zin
The Shining One

Annotations:
D:4 Menkaure


Innate Abilities, Weirdness & Mutations

You have a beak for a mouth.
You have claws for feet.
You can fly.


Message History

Aim: a centaur, wielding a shortbow The zap misses the centaur.
The centaur shoots an arrow.
The arrow hits you.
Casting: Shock
Confirm with . or Enter, or press ? or * to list all spells.
Aiming: Shock
Press: ? - help, Shift-Dir - straight line, f/p - centaur
Aim: a centaur, wielding a shortbow The zap hits the centaur.
The centaur is lightly wounded.
The centaur shoots an arrow.
The arrow hits you!
Okay, then.
Unknown command.
Casting: Shock
Confirm with . or Enter, or press ? or * to list all spells.
You feel quick.
The centaur shoots an arrow.
The arrow hits you!
* * * LOW HITPOINT WARNING * * *
You feel better.
The centaur shoots an arrow.
The arrow hits you.
* * * LOW HITPOINT WARNING * * *
The centaur shoots an arrow.
The arrow hits you!
You die...

#............._........
###.###................
######.###...........#....
......................#....
..........................<
.#######..#.##.#...........
#..........##+#...........
.......................####
.#.#.....#@............###
#.....#........####...#
#.....##....... #.†.#
........ .##.### ###...##
......... c# .# #.......
.........#.. #.#...##
......$..#.. #.<..... ...
#.###### #.


You could see a centaur.

Vanquished Creatures
  A necrophage (D:6)
  An ogre (D:4)
  A hound (D:4)
  Crazy Yiuf (D:2)
  An orc priest (D:5)
  4 orc wizards
  An iguana (D:4)
  Jessica (D:2)
  A hound skeleton (D:4)
  Robin (D:3)
  8 adders
  12 gnolls
  A howler monkey skeleton (D:5)
  2 oozes
  An adder zombie (D:5)
  2 worms
  A dart slug (D:1)
  7 giant geckos
  16 orcs
  3 giant cockroaches
  15 hobgoblins
  7 jackals
  A quokka (D:2)
  2 ball pythons
  4 bats
  2 giant gecko zombies (D:5)
  3 giant newts
  17 goblins
  10 kobolds
  9 rats
136 creatures vanquished.

Notes
Turn   | Place    | Note
-------+----------+-------------------------------------------
     0 | D:1      | Raptor the Tengu Air Elementalist began the quest for the Orb.
     0 | D:1      | Reached XP level 1. HP: 10/10 MP: 4/4
   249 | D:1      | Reached XP level 2. HP: 12/15 MP: 0/6
   460 | D:1      | Reached skill level 5 in Air Magic
   798 | D:1      | Reached XP level 3. HP: 17/19 MP: 2/7
   856 | D:1      | Learned a level 2 spell: Swiftness
  1469 | D:2      | Reached XP level 4. HP: 24/24 MP: 6/8
  1801 | D:2      | Noticed Jessica
  1807 | D:2      | Learned a level 3 spell: Static Discharge
  1840 | D:2      | Found a runed door.
  1844 | D:2      | Noticed Crazy Yiuf
  1850 | D:2      | Killed Crazy Yiuf
  1927 | D:2      | Gained mutation: You can fly. [Tengu growth]
  1927 | D:2      | Reached XP level 5. HP: 26/28 MP: 5/9
  1930 | D:2      | Killed Jessica
  2191 | D:2      | Found a deep blue altar of Sif Muna.
  2191 | D:2      | Found a shadowy altar of Dithmenos.
  2464 | D:3      | Reached skill level 5 in Conjurations
  2534 | D:3      | Found a stormy altar of Qazlal.
  2607 | D:3      | Noticed Robin
  2612 | D:3      | Killed Robin
  2612 | D:3      | Reached XP level 6. HP: 30/32 MP: 5/10
  3722 | D:4      | Found a staircase to the Ecumenical Temple.
  3730 | Temple   | Entered the Ecumenical Temple
  4270 | D:4      | Reached XP level 7. HP: 30/36 MP: 6/11
  4352 | D:4      | Noticed Menkaure
  4380 | D:4      | Found a sacrificial altar of Ru.
  5562 | D:5      | Entered Level 5 of the Dungeon
  5642 | D:5      | Found a glowing silver altar of Zin.
  5703 | D:5      | Found an ancient bone altar of Kikubaaqudgha.
  5707 | D:5      | Found a basalt altar of Yredelemnul.
  5904 | D:5      | Identified the Grimoire of the Entourage
  6927 | D:6      | Found a shimmering altar of Xom.
  6978 | D:6      | Shot with an arrow by a centaur

Vault maps used:
D:1:      dpeg_arrival_water_altar
D:2:      gammafunk_temple_overflow_wave, first_bread, kennysheep_jessica_study,
          uniq_crazy_yiuf_cottage
D:3:      lemuel_doored_altar, uniq_robin
D:4:      nicolae_ru_great_annihilating_truth, wad_rectangle_vault,
          uniq_menkaure
D:5:      nicolae_overflow_crystal_walls, minitemple, serial_curves,
          eino_curves_01, eino_curves_04
D:6:      basic_altar, serial_shops, kennysheep_mini_moat
Temple:   minmay_temple_curvy_loop

Skill      XL: |  1  2  3  4  5  6  7 |
---------------+----------------------+-----
Air Magic      | 5 6 7 8 |  8.3
Conjurations   | 3 5 6 8 |  8.1
Dodging        | |  2.1
Stealth        | |  2.0
Spellcasting   | |  2.7

Action                   |  1- 3 |  4- 6 |  7- 9 || total
-------------------------+-------+-------+-------++-------
Melee: Unarmed           |     2 |       |       ||     2
       Kick              |     3 |     2 |     7 ||    12
       Peck              |     1 |     1 |     1 ||     3
       Whip              |     4 |     9 |       ||    13
       Glaive            |       |     8 |    21 ||    29
 Cast: Shock             |    69 |   125 |    76 ||   270
       Swiftness         |       |     2 |     5 ||     7
  Use: Scroll            |     5 |     9 |     5 ||    19
       Potion            |       |       |     2 ||     2
 Stab: Sleeping          |       |       |     1 ||     1
  Eat: Chunk             |     3 |    11 |     5 ||    19
       Bread ration      |       |       |     1 ||     1
Armor: Robe              |     3 |     5 |     9 ||    17
Dodge: Dodged            |     8 |    20 |    21 ||    49
